Map: Ruins of Seras

Players

AcerBly (Bly)

  • Race: Zerg Zerg
  • League: Master

Beastyqt - Winner!

  • Race: Terran Terran
  • League: Diamond

Event: ASL Season 5 Prime League LOTV Beta

VOD

Have the link to the VOD?

Description

Time

  • Played on: Sept. 4, 2015, 9 p.m.
  • Length: 12:51

All games in this series

Show
View Real Time Build Order
Export as new Build Order

AcerBly Zerg 

Build Orders: Hatch First 

Get SALT Encoding   

  12  0:01  Drone  
  13  0:12  Overlord  
  13  0:18  Drone  
  14  0:31  Drone x2  
  16  0:36  Drone  
  17  0:53  Hatchery  
  16  0:58  Drone x2  
  18  1:08  Extractor  
  17  1:15  Spawning Pool  
  17  1:17  Drone  
  17  1:23  Drone  
  18  1:28  Drone  
  19  1:39  Overlord  
  19  2:01  Queen  
  19  2:02  Zergling x4  
  19  2:08  Queen  
  25  2:10  Metabolic Boost  
  25  2:12  Drone x2  
  27  2:18  Drone  
  28  2:30  Drone x2  
  30  2:38  Overlord  
  30  2:40  Queen  
  32  2:54  Hatchery  
  31  3:00  Drone x2  
  33  3:08  Drone x4  
  38  3:12  Drone  
  38  3:13  Drone  
  38  3:15  Drone  
  40  3:23  Overlord  
  40  3:26  Queen  
  42  3:37  Overlord  
  44  3:41  Drone x3  
  44  3:51  Zergling x4  
  44  3:52  Zergling x4  
  44  3:53  Lair  
  44  3:54  Drone x2  
  44  3:55  Drone  
  50  4:00  Extractor  
  50  4:01  Extractor  
  48  4:04  Roach Warren  
  47  4:20  Drone x4  
  47  4:21  Drone x3  
  54  4:37  Extractor  
  52  4:39  Drone x3  
  52  4:40  Drone  
  56  4:48  Roach x4  
  64  4:58  Nydus Network  
  61  5:03  Glial Reconstitution  
  61  5:04  Overlord  
  61  5:08  Drone x4  
  61  5:09  Overlord x4  
  65  5:14  Overseer  
  65  5:27  Roach x2  
  65  5:28  Roach x6  
  81  5:29  Roach  
  81  5:30  Roach  
  87  5:43  Roach x4  
  87  5:49  Overlord  
  92  5:58  Overlord x2  
  92  5:59  Overseer  
  92  6:03  Overlord  
  92  6:04  Overlord x2  
  92  6:06  Nydus Canal  
  92  6:09  Roach  
  92  6:10  Roach x2  
  98  6:16  Overlord  
  96  6:21  Roach x4  
  104  6:29  Roach x3  
  104  6:30  Roach  
  112  6:34  Nydus Canal  
  112  6:46  Overlord, Roach x4  
  112  6:52  Drone  
  112  6:53  Drone x4  
  108  6:59  Drone x4  
  108  7:00  Drone x3  
  115  7:10  Queen  
  115  7:11  Queen  
  117  7:21  Extractor  
  116  7:23  Extractor  
  116  7:24  Overlord  
  116  7:29  Roach x6  
  127  7:39  Tunneling Claws  
  127  7:40  Hydralisk Den  
  126  7:45  Evolution Chamber x2  
  126  7:47  Burrow  
  124  7:56  Drone x2  
  124  7:57  Drone x6  
  132  8:03  Roach x5  
  140  8:12  Zerg Missile Weapons Level 1, Zerg Ground Armor Level 1  
  140  8:18  Overlord  
  138  8:31  Roach  
  138  8:32  Roach x9  
  132  8:43  Queen  
  125  8:58  Queen  
  125  9:01  Hatchery  
  122  9:12  Hatchery  
  122  9:13  Hydralisk x6  
  122  9:14  Hydralisk  
  135  9:21  Roach x25  
  133  9:47  Drone x6  
  133  9:51  Hatchery  
  138  9:59  Infestation Pit, Muscular Augments  
  137  10:08  Hydralisk x6  
  137  10:11  Roach x7  
  137  10:12  Queen  
  151  10:18  Zerg Missile Weapons Level 2  
  143  10:37  Hive  
  143  10:42  Drone x2  
  142  10:43  Drone x6  
  147  10:54  Drone x6  
  149  11:04  Drone  
  149  11:07  Extractor  
  149  11:08  Overlord x2, Roach x3, Extractor  
  148  11:13  Roach x3  
  148  11:20  Hatchery  
  147  11:29  Roach  
  147  11:32  Hydralisk  
  147  11:33  Hydralisk x6  
  159  11:45  Spine Crawler  
  158  11:51  Viper x3  
  163  12:00  Roach x5  
  163  12:03  Roach x10  
  144  12:10  Hatchery  
  141  12:20  Roach x5  
  109  12:30  Roach x7  
Show
View Real Time Build Order
Export as new Build Order

Beastyqt Terran - Winner!

Build Orders: Command Center First (CC), Bio Tank, MMM Bio 

Get SALT Encoding   

  12  0:01  SCV  
  13  0:13  SCV  
  14  0:18  Supply Depot  
  14  0:25  SCV  
  15  0:40  SCV  
  16  0:52  SCV  
  17  1:03  Command Center  
  17  1:06  SCV  
  18  1:11  Refinery  
  18  1:18  SCV  
  19  1:27  Barracks  
  19  1:30  SCV  
  20  1:42  SCV  
  21  1:54  SCV  
  22  2:07  SCV  
  23  2:14  Marine  
  24  2:15  Factory  
  24  2:16  Orbital Command  
  24  2:19  Orbital Command  
  24  2:33  Bunker  
  24  2:36  Barracks Reactor  
  23  2:42  SCV  
  24  2:46  SCV  
  25  2:54  SCV  
  25  2:58  SCV  
  27  3:03  Barracks  
  27  3:05  Barracks  
  27  3:06  SCV  
  27  3:10  SCV  
  29  3:12  Supply Depot  
  29  3:18  SCV, Hellion x2  
  34  3:22  SCV, Barracks Tech Lab  
  35  3:30  SCV  
  36  3:34  SCV  
  36  3:35  Supply Depot  
  36  3:39  Hellion  
  36  3:40  Hellion  
  40  3:42  SCV  
  40  3:45  Marine  
  41  3:48  Stimpack  
  41  3:52  SCV  
  41  3:54  Barracks Reactor x2  
  42  3:56  Refinery  
  42  3:58  SCV  
  42  4:01  Supply Depot  
  43  4:03  Hellion  
  43  4:05  Hellion  
  43  4:06  Marine  
  43  4:08  SCV  
  49  4:10  SCV  
  50  4:20  SCV  
  51  4:24  Supply Depot  
  51  4:25  SCV  
  51  4:28  Starport  
  52  4:33  SCV  
  52  4:37  Marauder, Marine x4  
  59  4:40  Hellion  
  61  4:46  SCV, Hellion, Supply Depot  
  61  4:51  SCV  
  65  4:54  Marine  
  65  4:55  Marine  
  65  4:58  Supply Depot  
  65  4:59  Marine x2  
  69  5:00  Marauder  
  69  5:01  Supply Depot, SCV  
  70  5:07  Supply Depot  
  70  5:13  Factory Reactor  
  70  5:15  Supply Depot, Marine, Medivac  
  70  5:16  Marine  
  70  5:20  Medivac  
  76  5:24  Marine x2  
  76  5:25  Marine  
  76  5:27  SCV  
  80  5:29  Refinery  
  80  5:31  Engineering Bay  
  80  5:33  Marine  
  80  5:34  Marine  
  82  5:42  Marine x2  
  84  5:43  Marine  
  84  5:44  SCV  
  84  5:45  Supply Depot  
  84  5:48  Medivac  
  88  5:51  Marine  
  88  5:52  Marine  
  88  5:56  SCV  
  91  6:01  Terran Infantry Weapons Level 1, Barracks  
  91  6:03  Barracks  
  91  6:07  Marine  
  91  6:09  Marine  
  91  6:10  Combat Shields, Marine  
  94  6:14  Marine  
  94  6:16  SCV, Marine  
  94  6:17  Bunker  
  89  6:24  Marine  
  90  6:27  Marine  
  90  6:29  Marine  
  90  6:32  Marine  
  93  6:34  Marauder  
  93  6:38  Factory Tech Lab  
  95  6:42  Medivac, Marine  
  95  6:45  Marine  
  98  6:47  Marine  
  98  6:50  Marine  
  95  6:55  Marine  
  95  6:58  Barracks Tech Lab x2  
  95  7:00  Supply Depot, Marine  
  96  7:03  Command Center  
  96  7:04  Siege Tank  
  96  7:06  Marine x2  
  101  7:09  Missile Turret  
  101  7:14  Refinery  
  101  7:19  Missile Turret  
  101  7:21  Concussive Shells, Marauder x3  
  101  7:22  Marine  
  107  7:25  Marine x3  
  111  7:36  Siege Tank  
  114  7:40  Marine  
  114  7:42  Marine x2  
  117  7:46  Marauder, Marine x3  
  117  7:50  Supply Depot  
  122  7:58  Marine  
  122  8:00  Marauder, Marine  
  126  8:07  Supply Depot  
  126  8:11  Marine x3  
  126  8:12  Siege Tank  
  125  8:30  Marauder x3  
  125  8:34  Marine  
  127  8:36  Marine  
  118  8:42  Marine  
  118  8:45  Marine  
  116  8:48  Siege Tank  
  116  8:51  SCV, Marauder, Marine x3  
  116  8:54  Marine  
  123  8:55  Terran Infantry Armor Level 1  
  123  8:58  Armory  
  123  8:59  Engineering Bay  
  123  9:00  Marine  
  123  9:01  SCV  
  124  9:02  Marine  
  124  9:03  SCV  
  124  9:09  Marine, Marauder x2  
  131  9:12  Marine x2  
  133  9:18  Marine  
  133  9:20  Siege Tank, Marine  
  138  9:27  Marine  
  138  9:30  Marine x4  
  143  9:32  Planetary Fortress  
  143  9:34  Missile Turret  
  143  9:35  Marine  
  143  9:36  Medivac  
  143  9:38  Missile Turret x2, Marine  
  146  9:41  Supply Depot  
  146  9:45  Marine  
  129  9:47  Marine x2  
  129  9:48  Marine  
  129  9:52  Siege Tank, Marine  
  136  9:53  Marine, Medivac  
  136  9:58  Marine  
  139  10:01  Missile Turret  
  139  10:03  Marine  
  142  10:08  Medivac  
  142  10:09  Refinery, Marine x2  
  142  10:11  Refinery  
  142  10:12  Marine x2  
  146  10:28  Marine  
  146  10:29  Siege Tank, Marauder x2  
  146  10:33  Marine x2  
  156  10:42  Marine x2  
  158  10:46  Marine  
  158  10:49  Marine  
  159  10:50  Marine  
  159  10:51  Marine x2  
  163  11:00  Marine  
  163  11:04  Command Center  
  163  11:05  Medivac  
  165  11:13  Supply Depot, Medivac  
  167  11:25  Marauder x2  
  173  11:27  Supply Depot  
  171  11:50  Marauder x2  
  174  11:56  Marine  
  174  11:57  Marauder  
  175  12:01  Marine  
  175  12:07  Medivac x2  
  175  12:08  Marine x2  
  178  12:12  Marauder x2  
  178  12:14  Marine  
  183  12:18  Marauder  
  183  12:21  Marine  
  186  12:26  Marine x2  
  171  12:32  Marine  
Tags
 
Add a new tag
Caveats
  • Supply blocks, unpowered buildings, or Contaminate may cause inaccurate times.
  • Supply counts are checked every 10 seconds.